 Dungeon Crawl Stone Soup version 0.27-a0-1202-ge72e49191c (webtiles) character file.

Game seed: 1870893686305139076

6082 mordus the Grappler (level 10, -11/104 HPs)
             Began as a Troll Monk on June 4, 2021.
             Mangled by a tengu warrior
             ... wielding a +2 great mace of protection
              (37 damage)
             ... on level 8 of the Dungeon.
             The game lasted 00:11:20 (6217 turns).

mordus the Grappler (Troll Monk)                    Turns: 6217, Time: 00:11:20

Health: -11/104    AC: 11    Str: 22    XL:     10   Next: 58%
Magic:  9/9        EV:  9    Int:  6    God:
Gold:   358        SH:  0    Dex: 14    Spells: 9/9 levels left

rFire    + . .     SeeInvis +     - Unarmed
rCold    . . .     Faith    .   (no shield)
rNeg     . . .     Spirit   .   u - +0 swamp dragon scales
rPois    +         Reflect  .   (helmet restricted)
rElec    .         Harm     .   E - +0 cloak
rCorr    .         Rampage  .   (gloves unavailable)
Will     .....                  (boots unavailable)
Stlth    +.........             g - amulet of regeneration
HPRegen  2.27/turn              f - ring of see invisible
MPRegen  0.11/turn              G - ring of protection from fire

@: no status effects
A: large, unfitting armour, claws 3, regeneration 1, shaggy fur 1, tough skin 1
a: no special abilities


You were on level 8 of the Dungeon.
You visited 2 branches of the dungeon, and saw 9 of its levels.
You also visited: Ossuary.

You collected 358 gold pieces.

Inventory:

Missiles
 r - 6 curare-tipped darts (quivered)
Armour
 u - +0 swamp dragon scales (worn)
 E - a +0 cloak (worn)
Magical Staves
 q - a staff of earth
Jewellery
 f - a ring of see invisible (left claw)
 g - an amulet of regeneration (around neck)
 G - a ring of protection from fire (right claw)
Wands
 i - a wand of iceblast (21)
 k - a wand of digging (6)
 F - a wand of flame (4)
Scrolls
 b - 5 scrolls of identify {unknown}
 c - a scroll of holy word {unknown}
 e - 2 scrolls of fear {unknown}
 l - 2 scrolls of amnesia {unknown}
 o - 3 scrolls of immolation {unknown}
 t - 2 scrolls of magic mapping {unknown}
 v - a scroll of acquirement {unknown}
 w - a scroll of teleportation {unknown}
 y - 3 scrolls of vulnerability {unknown}
 B - a scroll of enchant armour {unknown}
 C - a scroll of enchant weapon {unknown}
 D - a scroll of silence {unknown}
Potions
 a - 2 potions of mutation {unknown}
 d - 2 potions of curing {unknown}
 h - 2 potions of might
 j - 2 potions of resistance
 m - a potion of ambrosia {unknown}
 n - 2 potions of haste {unknown}
 p - a potion of flight {unknown}
 s - a potion of lignification {unknown}
 x - 2 potions of heal wounds {unknown}
 z - a potion of magic {unknown}
 A - 3 potions of attraction {unknown}
 H - a potion of invisibility {unknown}


   Skills:
 + Level 7.7 Fighting
 + Level 4.4 Armour
 - Level 2.4 Dodging
 - Level 1.0 Stealth
 * Level 12.3 Unarmed Combat


You had 9 spell levels left.
You didn't know any spells.
Your spell library contained the following spells:

 Spells                   Type           Power      Damage    Failure   Level
 Corona                   Hex            0%         N/A       61%         1
 Magic Dart               Conj           0%         1d3       61%         1
 Searing Ray              Conj           0%         3d3       75%         2
 Slow                     Hex            0%         N/A       75%         2
 Confusing Touch          Hex            0%         N/A       93%         3
 Dazzling Flash           Conj/Hex       0%         N/A       93%         3
 Gell's Gravitas          Tloc           0%         N/A       93%         3
 Inner Flame              Hex/Fire       0%         N/A       93%         3
 Portal Projectile        Hex/Tloc       0%         N/A       93%         3
 Cause Fear               Hex            0%         N/A       100%        4
 Fulminant Prism          Conj/Hex       0%         3d6       100%        4
 Iskenderun's Mystic Bla  Conj/Tloc      0%         2d3       100%        4
 Leda's Liquefaction      Hex/Erth       0%         N/A       100%        4
 Petrify                  Tmut/Erth      0%         N/A       100%        4
 Metabolic Englaciation   Hex/Ice        0%         N/A       100%        5
 Yara's Violent Unravell  Hex/Tmut       0%         3d3       100%        5


Dungeon Overview and Level Annotations

Branches:
Dungeon (8/15)             Temple (1/1) D:5         Ossuary (visited)
   Lair: D:8-11

Altars:
Ashenzari
Cheibriados
Dithmenos
Elyvilon
Fedhas
Gozag
Hepliaklqana
Kikubaaqudgha
Makhleb
Nemelex Xobeh
Okawaru
Qazlal
Ru
Sif Muna
Uskayaw
Vehumet
Wu Jian
Xom
Yredelemnul
Zin
The Shining One
Lugonu

Portals:
Abyss: D:5


Innate Abilities, Weirdness & Mutations

You are too large for most types of armour.
You have claws for hands.
Your natural rate of healing is unusually fast.
You are covered in fur. (AC +1)
You have tough skin. (AC +1)


Message History

The tengu warrior goes berserk!
You claw the yak! Your claw misses the yak.
The yak is severely wounded.
You feel sick. The yak barely misses you.
You claw the yak!
You kill the yak!
Your swamp dragon scales prevents you from hitting the yak.
You feel sick.
You are no longer poisoned.
You barely miss the yak. The yak barely misses you.
You claw the yak!
The yak is lightly wounded.
The yak gores you.
You mangle the yak!!
The yak is severely wounded.
The yak closely misses you.
You closely miss the yak.
The yak is severely wounded.
The tengu warrior rages.
You claw the yak!
The yak is almost dead.
The yak gores you!
You mangle the yak!!
You kill the yak!
You closely miss the tengu warrior. The tengu warrior closely misses you.
The tengu warrior pecks you but does no damage.
The tengu warrior claws you.
You claw the tengu warrior!
The tengu warrior is lightly wounded.
The tengu warrior hits you with a +2 great mace of protection!!!
The tengu warrior pecks you but does no damage.
The tengu warrior completely misses you.
The tengu warrior hits you with a +2 great mace of protection!!
* * * LOW HITPOINT WARNING * * *
The tengu warrior misses you. The tengu warrior claws you.
* * * LOW HITPOINT WARNING * * *
The tengu warrior closely misses you. x2; The tengu warrior barely misses you.
You see here a +0 leather armour.
The tengu warrior hits you with a +2 great mace of protection!!!
You die...

###### #....# #....#
#....##############
#.................#######
#....#......#####........
#....##.@....# #########
#....##Q####.# #######.#
#.# #####Y# #.#####
#..†..# #.....### #
.:...##### #####...#### #
... ###....### # ####..##
##..#


You could see a tengu warrior (berserk) and a yak.

Vanquished Creatures
  Joseph (D:8)
  Maggie (D:6)
  Sigmund (D:6)
  A wraith (D:7)
  16 yaks
  Eustachio (D:4)
  A steam dragon (D:8)
  3 sky beasts
  An ice beast (D:6)
  A black bear (D:6)
  A necrophage (D:6)
  An ogre (D:6)
  3 phantoms
  A centaur (D:7)
  A kobold brigand (D:7)
  A bullfrog (D:8)
  2 scorpions
  A wyvern skeleton (D:7)
  9 killer bees (D:8)
  2 centaur zombies
  2 hounds (D:5)
  A jelly (D:5)
  2 orc priests (D:7)
  2 bullfrog skeletons
  A centaur skeleton (D:7)
  A scorpion zombie (D:5)
  Jessica (D:2)
  2 iguanas
  Ijyb (D:3)
  Natasha (thrice) (D:3)
  5 orc wizards
  Terence (D:2)
  13 mummies (Ossuary)
  5 adders
  2 ufetubi (D:5)
  2 adder skeletons
  2 worms
  2 dart slugs
  10 orcs
  9 endoplasms
  3 giant cockroaches
  5 goblins (D:1)
  7 hobgoblins
  2 jackals (D:3)
  12 kobolds
  A quokka (D:2)
  9 ball pythons
  7 bats
  4 frilled lizards
  A gnoll skeleton (Ossuary)
  2 goblin skeletons (Ossuary)
  A kobold skeleton (Ossuary)
  3 orc skeletons (Ossuary)
  6 rats
  11 rat skeletons (Ossuary)
  A lurking horror (D:5)
191 creatures vanquished.

Vanquished Creatures (others)
  A goblin skeleton (Ossuary)
  2 lurking horrors (D:5)
  36 plants
39 creatures vanquished.

Grand Total: 230 creatures vanquished

Notes
Turn   | Place    | Note
-------+----------+-------------------------------------------
     0 | D:1      | mordus the Troll Monk began the quest for the Orb.
     0 | D:1      | Reached XP level 1. HP: 22/22 MP: 0/0
    28 | D:1      | Found a faded altar of an unknown god.
    50 | D:1      | Reached XP level 2. HP: 24/29 MP: 1/1
   483 | D:1      | Reached XP level 3. HP: 36/36 MP: 2/2
   868 | D:2      | Noticed Terence
   875 | D:2      | Killed Terence
   876 | D:2      | Reached skill level 4 in Unarmed Combat
  1036 | D:2      | Reached XP level 4. HP: 45/45 MP: 3/3
  1297 | D:2      | Noticed Jessica
  1300 | D:2      | Killed Jessica
  1586 | D:2      | Reached skill level 5 in Unarmed Combat
  1586 | D:2      | Reached XP level 5. HP: 47/53 MP: 4/4
  1720 | D:3      | Noticed Natasha
  1733 | D:3      | Killed Natasha
  1765 | D:3      | Noticed Ijyb
  1770 | D:3      | Killed Ijyb
  1804 | D:3      | Found an ornate altar of the Wu Jian Council.
  1854 | D:3      | Found a broken altar of Ashenzari.
  1901 | D:3      | Noticed Natasha
  1920 | D:3      | Killed Natasha
  1997 | D:3      | Noticed Natasha
  2003 | D:3      | Killed Natasha
  2092 | D:3      | Reached XP level 6. HP: 62/62 MP: 5/5
  2161 | D:3      | Found an iron altar of Okawaru.
  2206 | D:3      | Found a shimmering blue altar of Sif Muna.
  2296 | D:4      | Noticed Eustachio
  2307 | D:4      | Killed Eustachio
  2308 | D:4      | Reached skill level 6 in Unarmed Combat
  2436 | D:4      | Found a blossoming altar of Fedhas.
  2707 | D:4      | Reached XP level 7. HP: 70/70 MP: 6/6
  3084 | D:5      | Entered Level 5 of the Dungeon
  3138 | D:5      | Found a one-way gate to the infinite horrors of the Abyss.
  3150 | D:5      | Found a corrupted altar of Lugonu.
  3304 | D:5      | Reached skill level 7 in Unarmed Combat
  3369 | D:5      | Found a staircase to the Ecumenical Temple.
  3386 | Temple   | Entered the Ecumenical Temple
  3591 | D:5      | Found a sparkling altar of Nemelex Xobeh.
  3616 | D:5      | Found a hazy altar of Hepliaklqana.
  3618 | D:5      | Found a shadowy altar of Dithmenos.
  3619 | D:5      | Noticed a shadow
  3823 | D:6      | Noticed Sigmund
  3827 | D:6      | Reached skill level 5 in Fighting
  3827 | D:6      | Reached skill level 8 in Unarmed Combat
  3847 | D:6      | Killed Sigmund
  3848 | D:6      | Reached XP level 8. HP: 75/80 MP: 7/7
  3946 | D:6      | Reached skill level 9 in Unarmed Combat
  3968 | D:6      | Noticed Maggie
  3977 | D:6      | Killed Maggie
  4704 | D:7      | Reached skill level 10 in Unarmed Combat
  4704 | D:7      | Reached XP level 9. HP: 89/89 MP: 8/8
  4709 | D:7      | Reached skill level 1 in Armour
  4763 | D:7      | Found a sand-covered staircase.
  4796 | Ossuary  | Entered an ossuary
  5656 | D:7      | Reached skill level 11 in Unarmed Combat
  5893 | D:8      | Noticed Joseph
  5931 | D:8      | Killed Joseph
  5932 | D:8      | Reached XP level 10. HP: 71/102 MP: 9/9
  6101 | D:8      | Reached skill level 12 in Unarmed Combat
  6193 | D:8      | Noticed a tengu warrior
  6217 | D:8      | Mangled by a tengu warrior

Illustrated notes

Levels and vault maps discovered:
D:1:      scummos_arrival_star, layout_basic, ebering_ecumenical_altar_rust
D:2:      minmay_angry_zag, layout_loops_corners, uniq_terence, uniq_jessica
D:3:      layout_rooms, nicolae_overflow_quartered_altars,
          minmay_misc_feat_room, grunt_decor_one_mirror, kennysheep_minor_cross,
          small_statue_alley_b, uniq_natasha, uniq_ijyb
D:4:      layout_loops_ring, lemuel_coloured_pillars_altar, uniq_eustachio
D:5:      layout_rooms, riverfiend_overflow_shadow_ancestor,
          nemelex_xobeh_ov_fountains_minmay, minmay_temple_entry_junction,
          minmay_curled_crystal, kennysheep_another_room, solitary_fountain,
          serial_bayou_pond_a, amcnicky_altar_lugonu_corruption
D:6:      layout_basic, uniq_maggie, uniq_sigmund
D:7:      layout_loops_ring, enter_ossuary_1, chequers_avenue
D:8:      layout_rooms, serial_bayou_lagoon_a, minmay_small_thing, uniq_joseph
Temple:   cyrus_circular_temple

Skill      XL: |  1  2  3  4  5  6  7  8  9 10 |
---------------+-------------------------------+-----
Unarmed Combat | 4 5 6 8 10 11 12 | 12.3
Fighting       | 3 4 5 6 7 |  7.7
Armour         | 3 4 |  4.4
Dodging        | |  2.4
Stealth        | |  1.0

Action                   |  1- 3 |  4- 6 |  7- 9 | 10-12 || total
-------------------------+-------+-------+-------+-------++-------
Melee: Unarmed           |    83 |   124 |   262 |    85 ||   554
       Punch             |       |     3 |    13 |     4 ||    20
 Stab: Sleeping          |     1 |     2 |       |       ||     3
Armor: Robe              |    22 |    30 |    21 |       ||    73
       Swamp dragon scal |       |       |    77 |    27 ||   104
Dodge: Dodged            |    40 |    60 |   109 |    40 ||   249

Table legend: (Time is in decaauts)
 A = Elapsed time spent in this place.
 B = Non-inter-level travel time spent in this place.
 C = Inter-level travel time spent in this place.
 D = Time resting spent in this place.
 E = Time spent auto-exploring this place.
 F = Levels seen in this place.
 G = Mean time per level.
                   A        B        C        D        E       F      G
               +--------+--------+--------+--------+--------+-----+--------+
         Total |   6146 |   5920 |    226 |     74 |   4602 |  10 |  614.6 |
       Dungeon |   5758 |   5532 |    226 |     74 |   4425 |   8 |  719.8 |
        Temple |     53 |     53 |      0 |      0 |     41 |   1 |   53.0 |
       Ossuary |    333 |    333 |      0 |      0 |    136 |   1 |  333.0 |
               +--------+--------+--------+--------+--------+-----+--------+

Top non-repeatable levels by time:
     D:2: 886 daAuts
     D:6: 872 daAuts
     D:1: 815 daAuts
     D:4: 787 daAuts
     D:7: 673 daAuts
     D:5: 643 daAuts
     D:3: 573 daAuts
     D:8: 506 daAuts
 Ossuary: 333 daAuts
  Temple: 53 daAuts
